Map: Mech Depot LE

Players

Raze - Winner!

  • Race: Terran Terran
  • Spawn Location: 7:00

BackupA (Rob)

  • Race: Protoss Protoss
  • Spawn Location: 1:00

Event: WCS Montreal 2017

VOD

Have the link to the VOD?

Description

Time

  • Played on: Sept. 8, 2017, 12:02 p.m.
  • Length: 7:09

All games in this series

Show
View Real Time Build Order
Export as new Build Order

Raze Terran - Winner!

Build Orders: Command Center First (CC), MMM Bio 

Get SALT Encoding   

  12  0:00  SCV  
  13  0:13  SCV  
  14  0:17  Supply Depot  
  14  0:25  SCV  
  15  0:39  SCV  
  16  0:51  SCV  
  17  1:01  Command Center  
  17  1:03  SCV  
  18  1:14  Barracks  
  18  1:17  SCV  
  19  1:27  Barracks  
  19  1:30  SCV  
  20  1:41  Barracks  
  20  1:44  SCV  
  21  2:00  Orbital Command, Marine  
  22  2:13  Orbital Command  
  22  2:16  Marine  
  22  2:20  Marine  
  24  2:27  SCV  
  24  2:28  Refinery  
  24  2:29  Refinery  
  25  2:32  Marine  
  25  2:35  Marine  
  27  2:38  Marine  
  27  2:41  SCV  
  27  2:42  SCV  
  30  2:50  Marine  
  31  2:53  SCV  
  31  2:55  Marine, SCV  
  34  3:00  Barracks Tech Lab  
  34  3:03  Supply Depot  
  34  3:05  SCV  
  35  3:07  SCV  
  35  3:08  Marine  
  37  3:13  Marine  
  37  3:19  Stimpack  
  38  3:22  Engineering Bay  
  38  3:24  Marine, SCV x2  
  38  3:26  Supply Depot  
  43  3:34  Barracks Reactor  
  43  3:35  Barracks Reactor  
  43  3:36  SCV  
  43  3:41  SCV  
  43  3:45  Marine  
  44  3:48  SCV  
  44  3:52  Missile Turret  
  44  3:53  SCV  
  44  3:55  Factory  
  46  4:00  SCV  
  47  4:02  Marine  
  47  4:04  Supply Depot  
  47  4:05  SCV  
  49  4:10  Marine x2  
  49  4:12  Marine x2  
  49  4:13  SCV  
  54  4:17  Supply Depot  
  54  4:20  Terran Infantry Weapons Level 1  
  54  4:25  Marine, SCV x2  
  54  4:28  Supply Depot, Marine x2  
  54  4:30  Marine x2  
  61  4:38  SCV  
  62  4:39  SCV  
  62  4:42  Starport, Missile Turret  
  62  4:43  Factory Reactor  
  62  4:45  Marauder  
  65  4:46  Marine  
  65  4:48  Marine  
  65  4:49  Marine  
  65  4:52  Marine  
  69  4:56  Supply Depot  
  69  4:58  SCV  
  70  5:04  Marine  
  70  5:06  Marine, Refinery  
  72  5:07  SCV  
  72  5:10  SCV  
  72  5:11  Supply Depot  
  72  5:12  Marine x2  
  76  5:22  Combat Shields, Missile Turret  
  76  5:23  Marine, Marauder  
  76  5:24  Marine  
  80  5:30  Marine x2  
  82  5:38  Supply Depot, Medivac  
  82  5:39  Medivac  
  82  5:41  Widow Mine  
  88  5:45  Marine x3  
  88  5:48  Marine x2  
  90  6:05  Marine x2, Marauder  
  90  6:06  Marine x2  
  90  6:10  Medivac x2  
  100  6:21  Command Center  
  100  6:24  Supply Depot  
  100  6:25  SCV x2  
  102  6:41  Barracks  
  102  6:42  Barracks, Marine  
  102  6:45  Factory Tech Lab, Marine x2, SCV x2  
  102  6:46  Marauder  
  108  6:50  Supply Depot  
  108  6:54  Refinery  
Show
View Real Time Build Order
Export as new Build Order

BackupA Protoss 

Build Orders: 1 Gate Expand, Zealot Archon, Dark Templar Rush 

Get SALT Encoding   

  12  0:00  Probe (Chrono Boost)  
  13  0:11  Probe (Chrono Boost)  
  14  0:18  Pylon  
  14  0:22  Probe (Chrono Boost)  
  15  0:36  Probe (Chrono Boost), Gateway  
  16  0:45  Assimilator  
  16  0:47  Probe (Chrono Boost)  
  17  0:58  Probe (Chrono Boost)  
  18  1:08  Probe (Chrono Boost)  
  19  1:19  Probe (Chrono Boost)  
  19  1:24  Nexus  
  20  1:32  Cybernetics Core  
  20  1:36  Probe (Chrono Boost)  
  21  1:40  Assimilator  
  22  1:47  Probe (Chrono Boost)  
  22  1:52  Pylon  
  22  1:58  Probe (Chrono Boost)  
  23  2:09  Warp Gate (Chrono Boost)  
  23  2:10  Adept (Chrono Boost)  
  23  2:11  Probe (Chrono Boost)  
  26  2:16  Pylon  
  26  2:21  Mothership Core (Chrono Boost)  
  28  2:36  Twilight Council  
  28  2:40  Probe (Chrono Boost)  
  28  2:42  Probe (Chrono Boost)  
  30  2:52  Probe (Chrono Boost)  
  30  2:54  Probe (Chrono Boost)  
  30  2:57  Stalker  
  34  3:02  Probe (Chrono Boost)  
  34  3:04  Probe (Chrono Boost)  
  36  3:13  Probe (Chrono Boost), Dark Shrine  
  36  3:15  Probe (Chrono Boost)  
  36  3:18  Gateway  
  38  3:23  Probe (Chrono Boost)  
  38  3:25  Probe (Chrono Boost)  
  40  3:27  Pylon  
  41  3:34  Probe (Chrono Boost)  
  41  3:36  Probe (Chrono Boost)  
  42  3:44  Probe (Chrono Boost)  
  42  3:45  Gateway  
  42  3:46  Probe (Chrono Boost)  
  42  3:48  Gateway  
  42  3:53  Stalker  
  42  3:55  Probe (Chrono Boost)  
  45  4:04  Probe  
  45  4:05  Robotics Facility  
  45  4:07  Probe  
  47  4:13  Assimilator  
  47  4:15  Assimilator  
  47  4:16  Probe  
  48  4:18  Stalker  
  48  4:21  Probe (Chrono Boost)  
  51  4:25  Pylon  
  51  4:28  Probe (Chrono Boost)  
  52  4:33  Probe (Chrono Boost)  
  52  4:35  Forge  
  53  4:39  Probe (Chrono Boost)  
  53  4:41  Dark Templar x2  
  58  4:46  Probe (Chrono Boost)  
  58  4:50  Stalker  
  58  4:51  Pylon  
  61  4:57  Zealot  
  64  5:02  Immortal (Chrono Boost)  
  65  5:14  Protoss Ground Weapons Level 1 (Chrono Boost)  
  65  5:16  Zealot  
  65  5:17  Zealot x2  
  71  5:23  Stalker, Pylon  
  71  5:28  Pylon  
  73  5:38  Dark Templar x2  
  77  5:44  Pylon  
  77  5:52  Archon  
  77  5:54  Gateway  
  77  5:55  Gateway  
  77  6:01  Nexus  
  75  6:04  Dark Templar  
  75  6:10  Dark Templar  
  79  6:14  Dark Templar  
  79  6:18  Archon  
  81  6:19  Dark Templar  
  83  6:29  Probe  
  83  6:30  Probe  
  85  6:39  Probe  
  83  6:43  Probe, Dark Templar x2  
  87  6:50  Dark Templar  
  87  6:52  Zealot  
Tags
 
Add a new tag
Caveats
  • Supply blocks, unpowered buildings, or Contaminate may cause inaccurate times.
  • Supply counts are checked every 10 seconds.